 Seeded DCSS version 0.30.0-29-ga12c61a403 (webtiles) character file.

Game seed: 18007716519941398942 (custom seed)

4 Dadbod the Shield-Bearer (level 1, 18/18 HPs)
             Began as a Formicid Fighter on June 5, 2023.
             Quit the game on level 1 of the Dungeon.
             The game lasted 00:02:04 (110 turns).

Dadbod the Shield-Bearer (Formicid Fighter)          Turns: 110, Time: 00:02:04

Health: 18/18      AC: 11    Str: 20    XL:     1   Next: 77%
Magic:  1/1        EV:  9    Int:  2    God:
Gold:   0          SH:  5    Dex: 13    Spells: 0/0 levels left

rFire   + . .        a - +0 war axe
rCold   + + +        c - +0 buckler
rNeg    . . .        b - +0 scale mail
rPois   +            (helmet unavailable)
rElec   +            (no cloak)
rCorr   +            g - +3 pair of gloves of Casu {Harm SInv Stlth+}
SInv    +            (no boots)
Will    +....        f - amulet "Maraf" {Acrobat rElec rF+ rCorr}
Stlth   +            e - ring of the Kangaroo {rElec rPois rC+++ Will+ Int-5}
HPRegen 0.23/turn    (no ring)
MPRegen 0.07/turn

%: harm (+30% outgoing, +20% incoming), acrobat
@: no status effects
A: permanent stasis, dig shafts and tunnels, antennae 3, four strong arms
a: Dig, Shaft Self


You were on level 1 of the Dungeon.
You visited 1 branch of the dungeon, and saw 1 of its levels.

Inventory:

Hand Weapons
 a - a +0 war axe (weapon)
Armour
 b - a +0 scale mail (worn)
 c - a +0 buckler (worn)
 g - the +3 pair of gloves of Casu (worn) {Harm SInv Stlth+}
   (You acquired it on level 1 of the Dungeon)

   SInv:      It lets you see invisible.
   Harm:      It increases damage dealt and taken.
   Stlth:     It makes you more stealthy.
Jewellery
 e - the ring of the Kangaroo (left hand) {rElec rPois rC+++ Will+ Int-5}
   (You acquired it on level 1 of the Dungeon)

   [ring of willpower]

   Int:       It affects your intelligence (-5).
   rC:        It renders you almost immune to cold.
   rElec:     It insulates you from electricity.
   rPois:     It protects you from poison.
   Will:      It increases your willpower.
 f - the amulet "Maraf" (around neck) {Acrobat rElec rF+ rCorr}
   (You acquired it on level 1 of the Dungeon)

   [amulet of the acrobat]

   It increases your evasion while moving and waiting.
   rF:        It protects you from fire.
   rElec:     It insulates you from electricity.
   rCorr:     It protects you from acid and corrosion.
Potions
 d - a potion of might


   Skills:
 + Level 3.4 Fighting
 + Level 2.0 Axes
 + Level 3.4 Armour
 + Level 4.1 Shields


You couldn't memorise any spells.
You didn't know any spells.
Your spell library was empty.

Dungeon Overview and Level Annotations

Branches:
Dungeon (1/15)

Altars:


Innate Abilities, Weirdness & Mutations

You cannot be hasted, slowed, berserked, paralysed or teleported.
You can dig through walls and to a lower floor.
You have a pair of large antennae on your head. (SInv)
Your four strong arms can wield two-handed weapons with a shield.


Message History

The frilled lizard bites you but does no damage.
You barely miss the frilled lizard. The frilled lizard closely misses you.
You completely miss the frilled lizard.
The frilled lizard bites you but does no damage.
You hit the frilled lizard.
You kill the frilled lizard!
The endoplasm barely misses you.
You hit the endoplasm.
The endoplasm is almost dead.
The endoplasm freezes you.
You are frozen.
You hit the endoplasm.
You kill the endoplasm!
Things that are here:
a +0 dagger; a goblin corpse
Found 3 scrolls labelled DICAOL JAOKK.
e - 3 scrolls labelled DICAOL JAOKK This is a scroll of acquirement!
Something appears at your feet!
f - the amulet "Maraf" {Acrobat rElec rF+ rCorr} Something appears at your feet!
g - the +3 pair of gloves of Casu {Harm SInv Stlth+} Unknown command.
Unknown command.
Something appears at your feet!
e - the ring of the Kangaroo {rElec rPois rC+++ Will+ Int-5} You start putting on your amulet.
You continue putting on the amulet "Maraf" {Acrobat rElec rF+ rCorr}. x5
You finish putting on the amulet "Maraf" {Acrobat rElec rF+ rCorr}.
You feel ready to tumble and roll out of harm's way.
f - the amulet "Maraf" (around neck) {Acrobat rElec rF+ rCorr} You feel stupid.
e - the ring of the Kangaroo (left hand) {rElec rPois rC+++ Will+ Int-5}
Okay, then.
You start putting on your armour.
You continue putting on the +3 pair of gloves of Casu {Harm SInv Stlth+}. x4
You finish putting on the +3 pair of gloves of Casu {Harm SInv Stlth+}.
Okay, then.
Unknown command.
Are you sure you want to abandon this character and quit the game? (Confirm with "yes".)

.............
..##.#.######
.# #.#.# .
#.#.# #.#..
#.### #######
#.# #.. ..#
###.##### #.#
#.# #......)#
#.# #@#
#.#.##.## #.#
#.# #.#..#.#
##.###.#{ #
##.#.#
#...)..# .#.#
#.?###.# {
.#.# #..# #.#
.#.# #..# ###
.#.# #..# #.#
#..#


There were no monsters in sight!

Vanquished Creatures
  An endoplasm (D:1)
  A goblin (D:1)
  A hobgoblin (D:1)
  A frilled lizard (D:1)
4 creatures vanquished.

Notes
Turn   | Place    | Note
-------+----------+-------------------------------------------
     0 | D:1      | Dadbod the Formicid Fighter began the quest for the Orb.
     0 | D:1      | Reached XP level 1. HP: 18/18 MP: 1/1
    93 | D:1      | Identified 3 scrolls of acquirement
    93 | D:1      | Acquired the amulet "Maraf" {Acrobat rElec rF+ rCorr}
    95 | D:1      | Acquired the +3 pair of gloves of Casu {Harm SInv Stlth+}
    97 | D:1      | Acquired the ring of the Kangaroo {rElec rPois rC+++ Will+
                  | Int-5}
   110 | D:1      | Quit the game

Illustrated notes

Levels and vault maps discovered:
D:1:      psy_arrival_dodecagon, layout_basic,
          dreamdust_ecumenical_altar_sealed_demon

Action                     || total
---------------------------++-------
  Melee: War axe           ||    12
    Use: Scroll            ||     3
 Armour: Scale mail        ||     5
  Dodge: Dodged            ||     5
  Block: Buckler           ||     1
